Map: Daybreak LE (Void)

Players

cilantro

  • Race: Protoss Protoss
  • League: Gold
  • Spawn Location: 1:00

Fropez - Winner!

  • Race: Protoss Protoss
  • League: Gold
  • Spawn Location: 7:00

VOD

Have the link to the VOD?

Description

Time

  • Played on: Dec. 5, 2016, 7:10 p.m.
  • Length: 13:28
Show
View Real Time Build Order
Export as new Build Order

cilantro Protoss 

Build Orders:  

Get SALT Encoding   

  12  0:01  Probe (Chrono Boost)  
  13  0:14  Pylon  
  13  0:20  Probe (Chrono Boost)  
  14  0:31  Probe (Chrono Boost)  
  15  0:39  Gateway  
  15  0:41  Probe (Chrono Boost)  
  16  0:52  Probe (Chrono Boost)  
  16  0:53  Assimilator  
  17  1:03  Probe (Chrono Boost)  
  18  1:28  Cybernetics Core  
  18  1:30  Gateway  
  18  1:38  Probe (Chrono Boost)  
  19  1:48  Probe (Chrono Boost)  
  20  1:59  Probe (Chrono Boost)  
  21  2:06  Warp Gate (Chrono Boost)  
  21  2:09  Assimilator  
  21  2:18  Robotics Facility  
  21  2:29  Probe  
  22  2:35  Pylon  
  22  2:47  Probe  
  23  3:04  Probe  
  25  3:05  Observer  
  25  3:15  Pylon  
  25  3:16  Mothership Core  
  27  3:33  Observer (Chrono Boost)  
  28  3:45  Nexus  
  28  3:47  Pylon  
  28  3:54  Warp Prism (Chrono Boost)  
  30  3:59  Adept x2  
  34  4:07  Pylon  
  34  4:08  Probe  
  35  4:11  Pylon  
  35  4:27  Probe  
  36  4:54  Gateway  
  36  4:55  Probe  
  36  4:57  Probe, Gateway  
  36  4:58  Pylon  
  38  5:01  Assimilator  
  38  5:06  Observer (Chrono Boost)  
  39  5:14  Pylon  
  39  5:29  Stalker x2  
  43  5:45  Probe  
  43  5:46  Probe  
  45  6:23  Probe  
  45  6:24  Immortal (Chrono Boost)  
  45  6:25  Probe  
  51  6:32  Stalker x3  
  55  6:33  Stalker  
  59  6:48  Probe  
  59  6:50  Probe  
  63  7:01  Immortal (Chrono Boost)  
  63  7:06  Adept  
  63  7:08  Probe  
  63  7:21  Nexus  
  62  7:24  Pylon, Sentry x2, Stalker  
  62  7:29  Assimilator  
  68  7:35  Observer (Chrono Boost)  
  69  7:40  Pylon  
  69  7:57  Nexus  
  69  7:59  Pylon  
  69  8:00  Probe  
  69  8:01  Probe  
  69  8:09  Pylon  
  69  8:11  Probe  
  70  8:18  Sentry x2  
  74  8:26  Adept x2  
  78  8:32  Probe x2  
  78  8:33  Probe  
  81  8:42  Probe  
  81  8:43  Probe  
  81  8:45  Probe  
  81  8:48  Adept x2  
  88  8:51  Sentry  
  90  8:59  Zealot  
  92  9:13  Zealot x2  
  92  9:17  Pylon, Probe x3  
  92  9:18  Probe  
  96  9:25  Pylon  
  96  9:27  Probe  
  96  9:28  Stalker  
  96  9:29  Forge, Sentry  
  100  9:39  Stalker x2  
  100  9:44  Gateway  
  93  10:15  Stalker x4  
  81  10:52  Observer (Chrono Boost), Zealot  
  81  10:53  Sentry x3  
  90  11:01  Photon Cannon  
  90  11:03  Photon Cannon  
  90  11:06  Probe  
  90  11:07  Photon Cannon  
  90  11:10  Photon Cannon  
  90  11:11  Observer (Chrono Boost)  
  90  11:15  Zealot  
  89  11:30  Observer (Chrono Boost), Stalker  
  89  11:32  Stalker x3  
  96  11:36  Sentry  
  100  11:50  Observer (Chrono Boost)  
  85  12:25  Sentry x3  
  85  12:26  Zealot x2  
  55  12:39  Immortal (Chrono Boost)  
  57  12:47  Stalker x2  
  57  12:48  Zealot x3  
  67  13:01  Probe  
  67  13:02  Probe, Photon Cannon  
  67  13:04  Pylon  
  69  13:06  Gateway  
  69  13:07  Probe  
  69  13:12  Robotics Facility  
  72  13:13  Robotics Facility  
  72  13:16  Photon Cannon  
  72  13:17  Zealot  
  72  13:18  Zealot x4  
Show
View Real Time Build Order
Export as new Build Order

Fropez Protoss - Winner!

Build Orders: 1 Gate Expand 

Get SALT Encoding   

  12  0:02  Probe (Chrono Boost)  
  13  0:12  Probe (Chrono Boost)  
  14  0:18  Pylon  
  14  0:26  Probe (Chrono Boost)  
  15  0:35  Assimilator  
  15  0:37  Probe (Chrono Boost)  
  16  0:49  Probe (Chrono Boost), Gateway  
  17  1:03  Pylon  
  16  1:28  Probe (Chrono Boost)  
  16  1:31  Nexus  
  16  1:32  Assimilator  
  17  1:43  Pylon  
  17  1:56  Cybernetics Core  
  17  1:58  Probe (Chrono Boost)  
  18  2:09  Probe (Chrono Boost)  
  19  2:23  Pylon  
  20  2:30  Gateway  
  20  2:35  Stalker  
  21  2:43  Mothership Core (Chrono Boost)  
  23  2:47  Probe (Chrono Boost)  
  24  2:51  Warp Gate (Chrono Boost)  
  24  2:57  Probe (Chrono Boost)  
  25  3:05  Stalker  
  27  3:21  Robotics Facility  
  27  3:23  Probe  
  28  3:27  Probe  
  29  3:35  Probe  
  29  3:38  Probe  
  31  3:41  Stalker  
  31  3:47  Probe  
  34  3:48  Probe  
  35  3:57  Stalker  
  35  3:59  Probe  
  38  4:04  Probe  
  38  4:08  Observer (Chrono Boost)  
  40  4:12  Stalker  
  42  4:25  Pylon, Probe x2  
  42  4:27  Pylon  
  44  4:34  Twilight Council  
  44  4:37  Warp Prism (Chrono Boost)  
  46  4:46  Probe  
  46  4:47  Probe  
  46  4:48  Stalker  
  50  4:54  Assimilator  
  50  4:57  Assimilator  
  50  4:58  Probe  
  50  4:59  Probe  
  52  5:10  Resonating Glaives (Chrono Boost)  
  52  5:21  Immortal  
  52  5:27  Probe x2  
  58  5:35  Stalker  
  60  5:37  Stalker  
  61  5:57  Pylon  
  61  6:03  Observer  
  61  6:05  Stalker  
  61  6:09  Probe x2  
  66  6:21  Probe x2  
  68  6:26  Pylon  
  68  6:31  Pylon  
  68  6:32  Pylon  
  68  6:33  Probe x2  
  70  6:41  Forge  
  70  6:44  Observer  
  70  6:54  Adept x2  
  74  6:58  Gateway  
  73  7:06  Probe x2  
  73  7:07  Protoss Ground Weapons Level 1 (Chrono Boost)  
  74  7:13  Pylon  
  74  7:18  Probe  
  75  7:32  Photon Cannon  
  75  7:43  Stalker x2  
  79  7:45  Probe x2  
  79  7:48  Immortal  
  85  7:55  Blink (Chrono Boost)  
  85  7:57  Gateway  
  85  8:07  Stalker  
  85  8:08  Stalker  
  89  8:25  Probe x2, Dark Shrine  
  91  8:27  Immortal  
  95  8:36  Stalker x3  
  95  8:37  Probe  
  95  8:38  Probe  
  103  8:43  Nexus  
  103  8:47  Pylon  
  103  8:50  Probe  
  103  8:51  Pylon  
  104  8:59  Assimilator  
  104  9:00  Probe  
  104  9:02  Probe  
  106  9:03  Assimilator  
  106  9:06  Observer  
  106  9:08  Pylon, Protoss Ground Weapons Level 2  
  107  9:12  Probe  
  107  9:14  Probe  
  109  9:24  Probe  
  109  9:26  Probe, Photon Cannon  
  111  9:37  Probe  
  111  9:38  Probe  
  113  9:39  Stalker x3  
  113  9:40  Stalker  
  113  9:44  Photon Cannon  
  121  9:48  Photon Cannon  
  121  9:49  Probe  
  121  9:50  Probe  
  117  10:11  Dark Templar x2  
  117  10:12  Dark Templar  
  117  10:14  Probe x2  
  125  10:19  Probe  
  126  10:26  Probe  
  126  10:28  Probe  
  120  10:49  Dark Templar x2  
  116  10:50  Dark Templar  
  118  11:02  Dark Templar  
  120  11:10  Gateway  
  118  11:25  Dark Templar  
  118  11:26  Dark Templar x2  
  118  11:28  Probe  
  118  11:29  Probe x2  
  127  11:41  Probe  
  123  11:52  Nexus, Dark Templar  
  126  11:54  Observer  
  126  11:56  Assimilator  
  126  12:00  Assimilator  
  126  12:02  Pylon  
  126  12:05  Pylon  
  126  12:11  Dark Templar  
  126  12:12  Dark Templar  
  110  12:46  Stalker x3  
  110  12:47  Stalker  
  118  12:52  Gateway x2  
  118  12:59  Gateway  
  118  13:00  Gateway  
  118  13:01  Gateway  
  118  13:04  Gateway  
  118  13:07  Probe x2, Gateway  
  118  13:08  Probe x2  
  118  13:10  Photon Cannon  
  118  13:12  Photon Cannon  
  122  13:13  Pylon  
  122  13:17  Pylon  
Tags
 
League
GoldGold
Matchup
PvP
Replay Pack
All Mines
Spawn Locations
Cross Positions
Add a new tag
Caveats
  • Supply blocks, unpowered buildings, or Contaminate may cause inaccurate times.
  • Supply counts are checked every 10 seconds.